 Dungeon Crawl Stone Soup version 0.30-a0-1066-g63dfefce0d (webtiles) character file.

Game seed: 10707441684424157909

4186 Dittersdorf the Protected (level 10, 0/65 HPs)
             Began as a Gargoyle Fighter on Apr 12, 2023.
             Was a High Priest of Okawaru.
             Slain by a quasit (1 damage)
             ... summoned by a kobold demonologist
             ... on level 9 of the Dungeon.
             The game lasted 00:10:38 (7606 turns).

Dittersdorf the Protected (Gargoyle Fighter)        Turns: 7606, Time: 00:10:38

Health: 0/65       AC: -9    Str: 23      XL:     10   Next: 29%
Magic:  19/19      EV:  8    Int: 10      God:    Okawaru [*****.]
Gold:   573        SH:  6    Dex:  8 (9)  Spells: 9/9 levels left

rFire   + . .      SeeInvis +    s - +1 morningstar (venom)
rCold   + . .      Faith    +    c - +1 buckler
rNeg    + . .      Spirit   .    z - +0 chain mail
rPois   ∞          Reflect  .    (no helmet)
rElec   +          Rampage  .    y - scarf {rC+ rF+}
rCorr   .                        (no gloves)
Will    .....                    (no boots) Stlth
                                 A - amulet of faith
HPRegen 0.30/turn                m - ring of magical power
MPRegen 0.16/turn                g - ring of see invisible

@: corroded
A: sickness immunity, AC +7, negative energy resistance 1, electricity
resistance, torment resistance 1, petrification resistance
a: Renounce Religion, Heroism, Finesse, Duel


You were on level 9 of the Dungeon.
You worshipped Okawaru.
Okawaru was extremely pleased with you.
You visited 1 branch of the dungeon, and saw 9 of its levels.

You collected 573 gold pieces.

Inventory:

Hand Weapons
 s - a +1 morningstar of venom (weapon)
Missiles
 D - a throwing net (quivered)
Armour
 c - a +1 buckler (worn)
 y - a scarf of resistance (worn)
 z - a +0 chain mail (worn)
Jewellery
 g - a ring of see invisible (right hand)
 m - a ring of magical power (left hand)
 A - an amulet of faith (around neck)
 B - an amulet of guardian spirit
Wands
 a - a wand of iceblast (11)
 w - a wand of digging (3)
 E - a wand of light (5)
Scrolls
 h - 4 scrolls of teleportation
 j - 3 scrolls of fear
 n - a scroll of poison
 q - 4 scrolls of fog
 u - 6 scrolls of enchant weapon
 v - 3 scrolls of enchant armour
 C - a scroll of identify
Potions
 b - a potion of berserk rage {unknown}
 d - 3 potions of might
 e - 3 potions of attraction {unknown}
 f - a potion of ambrosia
 i - 3 potions of brilliance {unknown}
 k - 3 potions of flight
 l - 2 potions of heal wounds
 o - a potion of magic
 p - a potion of mutation
 r - 2 potions of cancellation
 t - 2 potions of invisibility
 x - a potion of curing


   Skills:
 + Level 8.7 Fighting
 + Level 7.5 Maces & Flails
 + Level 8.7 Armour
 + Level 8.7 Shields


You had 9 spell levels left.
You didn't know any spells.
Your spell library contained the following spells:

 Spells                   Type           Power      Damage    Failure   Level
 Beastly Appendage        Tmut           0%         N/A       92%         1
 Shock                    Conj/Air       0%         1d3       92%         1
 Blink                    Tloc           0%         N/A       98%         2
 Wereblood                Tmut           0%         N/A       98%         2
 Spider Form              Tmut/Pois      0%         N/A       100%        3
 Manifold Assault         Tloc           0%         N/A       100%        4
 Iron Shot                Conj/Erth      0%         9d1       100%        6
 Storm Form               Tmut/Air       0%         N/A       100%        7
 Spellforged Servitor     Conj/Summ      Unusable   N/A       N/A         7

Dungeon Overview and Level Annotations

Branches:
Dungeon (9/15)             Temple (0/1) D:5
   Lair: D:8-11         Orc: D:9-12

Altars:
Elyvilon
Gozag
Makhleb
Nemelex Xobeh
Okawaru
Vehumet
Xom
Zin
The Shining One

Shops:
D:4 (?=(

Annotations:
D:7 2 transporters, ytrimaz's ghost, novice TrTm


Innate Abilities, Weirdness & Mutations

You are immune to sickness and miasma.
Your stone body is resilient. (AC +7)
You are immune to poison.
You resist negative energy. (rN+)
You are resistant to electric shocks. (rElec)
You are resistant to unholy torment.
You are immune to petrification.


Message History

The rust devil corrodes you!
The rust devil disappears in a puff of smoke!
There is an open door here.
The crimson imp blinks!
The kobold demonologist gestures wildly while chanting.
The kobold demonologist mumbles some strange words.
The quasit bites you.
* * * LOW HITPOINT WARNING * * *
The quasit claws you.
* * * LOW HITPOINT WARNING * * *
The quasit claws you.
* * * LOW HITPOINT WARNING * * *
The quasit bites you.
* * * LOW HITPOINT WARNING * * *
The quasit claws you.
* * * LOW HITPOINT WARNING * * *
The quasit barely misses you.
The kobold demonologist looks encouraged for a moment.
The quasit attacks as you move away! The quasit bites you.
* * * LOW HITPOINT WARNING * * *
The quasit claws you.
* * * LOW HITPOINT WARNING * * *
You feel clumsy. You block the quasit's attack.
There is an open door here.
The quasit attacks as you move away! The quasit barely misses you. x2
The quasit claws you.
* * * LOW HITPOINT WARNING * * *
The quasit closely misses you. The quasit claws you.
* * * LOW HITPOINT WARNING * * *
The quasit claws you.
* * * LOW HITPOINT WARNING * * *
The quasit attacks as you move away! The quasit closely misses you. x2
The quasit completely misses you. The quasit attacks as you move away!
The quasit bites you.
* * * LOW HITPOINT WARNING * * *
The quasit claws you.
* * * LOW HITPOINT WARNING * * *
The quasit claws you.
You die...

......# #.....##K.45#.....#
......# +>....'..####.....#
......+ #....K#### #.)5..#
......# #.....# #.K5..#
'###### #.....# #...5.# .#
###'### ####'## .## #4##
#5..# ..# #.5# #)### #.#
##@# #5 #'###### #.# 5K
.......# ####.### #.K
.......# #......####....
.......######.).........#.>
.......#...........######..
.......+.####......#
.......### #......#
######## ####.###


You could see a red devil (summoned) and a quasit (summoned).

Vanquished Creatures
  Harold (D:9)
  2 wyverns
  Eustachio (D:4)
  A steam dragon (D:7)
  3 water moccasins
  An orc warrior (D:8)
  A black bear (D:5)
  A sky beast (D:8)
  An ice beast (D:7)
  An ogre (D:7)
  A centaur (D:9)
  A phantom (D:5)
  A kobold brigand (D:9)
  Blork the orc (D:5)
  4 bullfrogs
  2 scorpions
  8 wights
  8 killer bees
  4 howler monkeys
  4 orc priests
  A hound (D:6)
  A gnoll bouda (D:7)
  3 iguanas
  2 sleepcaps
  3 orc wizards
  8 gnolls
  8 adders
  A shadow imp (D:6)
  2 white imps
  A dart slug (D:1)
  26 orcs
  2 bats
  7 endoplasms
  4 giant cockroaches
  3 goblins
  13 hobgoblins
  2 jackals (D:1)
  A quokka (D:4)
  5 ball pythons
  3 frilled lizards
  15 kobolds
  8 rats
166 creatures vanquished.

Vanquished Creatures (others)
  An orc (D:7)
1 creature vanquished.

Grand Total: 167 creatures vanquished

Notes
Turn   | Place    | Note
-------+----------+-------------------------------------------
     0 | D:1      | Dittersdorf the Gargoyle Fighter began the quest for the
                  | Orb.
     0 | D:1      | Reached XP level 1. HP: 14/14 MP: 1/1
    49 | D:1      | Reached XP level 2. HP: 19/19 MP: 2/2
   203 | D:1      | Reached XP level 3. HP: 24/24 MP: 3/3
  1275 | D:3      | Found an iron altar of Okawaru.
  1286 | D:3      | Became a worshipper of Warmaster Okawaru
  1485 | D:3      | Found a burning altar of Makhleb.
  1555 | D:3      | Reached XP level 4. HP: 29/29 MP: 4/4
  1997 | D:4      | Noticed a scorpion
  2025 | D:3      | Killed a scorpion
  2026 | D:3      | Reached XP level 5. HP: 23/33 MP: 5/5
  2341 | D:4      | Found Vaivied's Weapon Shoppe.
  2345 | D:4      | Found Asif's Jewellery Boutique.
  2349 | D:4      | Found Weuth's Magic Scroll Shoppe.
  2349 | D:4      | Found Ceugre Rash's Antique Weapon Boutique.
  2566 | D:4      | Noticed Eustachio
  2603 | D:4      | Killed Eustachio
  2603 | D:4      | Reached * piety under Okawaru
  2604 | D:4      | Reached XP level 6. HP: 12/39 MP: 6/6
  3112 | D:5      | Entered Level 5 of the Dungeon
  3112 | D:5      | Noticed a water moccasin
  3137 | D:4      | Killed a water moccasin
  3138 | D:4      | Reached skill level 5 in Fighting
  3138 | D:4      | Reached skill level 5 in Armour
  3138 | D:4      | Reached skill level 5 in Shields
  3138 | D:4      | Reached XP level 7. HP: 18/44 MP: 7/7
  3315 | D:5      | Identified the +1 robe of Egrer {Slay+2}
  3610 | D:5      | Found a staircase to the Ecumenical Temple.
  3620 | D:5      | Noticed Blork the orc
  3627 | D:5      | Killed Blork the orc
  3627 | D:5      | Reached ** piety under Okawaru
  3704 | D:5      | Found a white marble altar of Elyvilon.
  3704 | D:5      | Found a glowing golden altar of the Shining One.
  3704 | D:5      | Found a glowing silver altar of Zin.
  3897 | D:5      | Found an opulent altar of Gozag.
  3902 | D:5      | Found a radiant altar of Vehumet.
  3936 | D:6      | Found the +8 trident of the Octopus King {venom, rElec
                  | rPois}
  4055 | D:6      | Reached XP level 8. HP: 15/51 MP: 8/8
  4225 | D:6      | Reached skill level 5 in Maces & Flails
  5198 | D:7      | Reached *** piety under Okawaru
  5316 | D:7      | Reached XP level 9. HP: 52/56 MP: 9/9
  5504 | D:7      | Found a transporter.
  5506 | D:7      | Found a transporter.
  5511 | D:7      | Noticed ytrimaz's ghost (novice TrTm)
  5984 | D:8      | Found a sparkling altar of Nemelex Xobeh.
  5985 | D:8      | Got Rinim's Vademecum on Fog and Destruction
  6169 | D:8      | Reached **** piety under Okawaru
  6452 | D:8      | Found a shimmering altar of Xom.
  7237 | D:9      | Noticed Harold
  7254 | D:9      | Killed Harold
  7254 | D:9      | Reached ***** piety under Okawaru
  7255 | D:9      | Reached XP level 10. HP: 50/65 MP: 10/10
  7504 | D:9      | Identified the +11 war axe of Guilt {pain, rF- rN+ Int+4
                  | Dex+5}
  7566 | D:9      | Noticed a kobold demonologist
  7568 | D:9      | Noticed a kobold demonologist
  7575 | D:9      | Noticed a rust devil
  7603 | D:9      | HP: 3/65 [quasit[a kobold demonologist] (1)]
  7606 | D:9      | HP: 1/65 [quasit[a kobold demonologist] (1)]
  7606 | D:9      | Slain by a quasit

Illustrated notes

Levels and vault maps discovered:
D:1:      scummos_arrival_hexagon, layout_basic, st_stairs_5
D:2:      layout_rooms
D:3:      layout_loops_cross, amcnicky_altar_gilded, okawaru_ov_weapons_minmay,
          due_unseen_surprise
D:4:      layout_basic, nicolae_wooded_promenade, uniq_eustachio
D:5:      layout_cave_pools, dreamdust_divine_triumvirate,
          mainiacjoe_overflow_big_doors, minmay_temple_entry_junction,
          serial_bayou_lake_a, uniq_blork_the_orc
D:6:      layout_loops_ring, nicolae_half_adder
D:7:      layout_rooms, gammafunk_ghost_hive
D:8:      layout_gridville, mainiacjoe_overflow_small_starburst,
          mainiacjoe_overflow_concentric_impassable, serial_glass,
          glass_columns_c, glass_columns_a
D:9:      layout_roguey, uniq_harold

Skill      XL: |  1  2  3  4  5  6  7  8  9 |
---------------+----------------------------+-----
Fighting       | 4 5 6 8 |  8.7
Shields        | 4 5 6 8 |  8.7
Maces & Flails | 3 4 5 7 |  7.5
Armour         | 4 5 6 8 |  8.7

Action                     |  1- 3 |  4- 6 |  7- 9 | 10-12 || total
---------------------------+-------+-------+-------+-------++-------
  Melee: Flail             |   167 |    59 |       |       ||   226
         Morningstar       |       |    53 |   326 |    38 ||   417
    Use: Scroll            |       |     4 |    13 |       ||    17
         Potion            |       |     1 |       |       ||     1
 Armour: Scale mail        |    89 |    87 |   111 |       ||   287
         Chain mail        |       |       |   132 |    20 ||   152
  Dodge: Dodged            |    78 |    76 |   192 |    24 ||   370
  Block: Buckler           |    43 |    33 |   119 |    14 ||   209

Table legend: (Time is in decaauts)
 A = Elapsed time spent in this place.
 B = Non-inter-level travel time spent in this place.
 C = Inter-level travel time spent in this place.
 D = Time resting spent in this place.
 E = Time spent auto-exploring this place.
 F = Levels seen in this place.
 G = Mean time per level.
                   A        B        C        D        E       F      G
               +--------+--------+--------+--------+--------+-----+--------+
         Total |   7820 |   7288 |    532 |    847 |   4933 |   9 |  868.9 |
       Dungeon |   7820 |   7288 |    532 |    847 |   4933 |   9 |  868.9 |
               +--------+--------+--------+--------+--------+-----+--------+

Top non-repeatable levels by time:
     D:4: 1348 daAuts
     D:6: 1116 daAuts
     D:8: 1080 daAuts
     D:3: 830 daAuts
     D:5: 826 daAuts
     D:7: 711 daAuts
     D:1: 668 daAuts
     D:2: 668 daAuts
     D:9: 567 daAuts
